 Dungeon Crawl Stone Soup version 0.32-a0-893-gf85d74f360 (webtiles) character file.

Game seed: 6832829539495384733

1824 croobank the Caller (level 9, -19/61 HPs)
             Began as a Human Summoner on Apr 3, 2024.
             Was a Follower of Kikubaaqudgha.
             Killed by an exploding blazeheart core (35 damage)
             ... on level 6 of the Dungeon.
             The game lasted 00:16:53 (6868 turns).

croobank the Caller (Human Summoner)                Turns: 6868, Time: 00:16:53

Health: -19/61     AC:  3    Str: 10    XL:     9   Next: 11%
Magic:  13/16      EV: 13    Int: 19    God:    Kikubaaqudgha [*.....]
Gold:   334        SH:  0    Dex: 13    Spells: 3/17 levels left

rFire   . . .        d - +0 dagger
rCold   . . .        (no shield)
rNeg    . . .        a - +0 robe
rPois   .            (no helmet)
rElec   .            p - +0 cloak
rCorr   .            (no gloves)
SInv    .            (no boots)
Will    .....        (no amulet)
Stlth   +++          c - ring of wizardry
HPRegen 0.30/turn    (no ring)
MPRegen 0.15/turn

%: wizardry (x1)
@: mesmerised
A: explore regen
a: Renounce Religion, Unearth Wretches


You were on level 6 of the Dungeon.
You worshipped Kikubaaqudgha.
Kikubaaqudgha was aware of your devotion.
You visited 1 branch of the dungeon, and saw 6 of its levels.

You collected 334 gold pieces.

Inventory:

Hand Weapons
 d - a +0 dagger (weapon)
 m - a +0 long sword
 n - a +0 short sword
 t - a +0 hand axe
 v - a +0 war axe
Armour
 a - a +0 robe (worn)
 o - a +0 leather armour
 p - a +0 cloak (worn)
Jewellery
 c - a ring of wizardry (left hand)
 g - an amulet of magic regeneration
 l - a ring of resist corrosion
Talismans
 x - a beast talisman
Scrolls
 e - 2 scrolls of teleportation
 h - a scroll of acquirement {unknown}
 k - a scroll of immolation {unknown}
 q - 2 scrolls of poison {unknown}
 w - 2 scrolls of noise {unknown}
 y - a scroll of enchant armour {unknown}
Potions
 b - a potion of magic
 f - 4 potions of curing
 j - 3 potions of resistance
 r - a potion of enlightenment
 s - 4 potions of attraction
 u - 2 potions of cancellation {unknown}


   Skills:
 + Level 2.2 Fighting
 + Level 5.2 Dodging
 + Level 5.7 Stealth
 + Level 4.8 Spellcasting
 + Level 6.2 Summonings
 * Level 4.5 Fire Magic
 + Level 2.1 Air Magic


You had 3 spell levels left.
You knew the following spells:

 Your Spells              Type           Power      Damage    Failure   Level
a - Summon Small Mammal   Summ           100%       N/A       1%          1
b - Call Imp              Summ           56%        N/A       1%          2
c - Call Canine Familiar  Summ           28%        N/A       1%          3
d - Summon Blazeheart Go  Fire/Summ      25%        N/A       6%          4
e - Summon Lightning Spi  Summ/Air       20%        N/A       9%          4

Your spell library contained the following spells:

 Spells                   Type           Power      Damage    Failure   Level
 Shock                    Conj/Air       32%        1d5       3%          1
 Necrotise                Necr           16%        1d4       5%          1
 Cigotuvi's Dreadful Rot  Necr/Alch/Air  14%        N/A       6%          2
 Swiftness                Air            12%        N/A       6%          3
 Lesser Beckoning         Tloc           8%         N/A       8%          2
 Sublimation of Blood     Necr           4%         N/A       8%          2
 Maxwell's Portable Pile  Tloc           4%         2d(5-14)  16%         3
 Teleport Other           Tloc           4%         N/A       16%         3
 Airstrike                Air            6%         2d(1-17)  21%         4
 Animate Dead             Necr           4%         N/A       43%         4


Dungeon Overview and Level Annotations

Branches:
Dungeon (6/15)             Temple (0/1) D:6

Altars:
Kikubaaqudgha
Makhleb

Annotations:
D:6 Maggie


Innate Abilities, Weirdness & Mutations

You regain HP and MP as you explore.


Message History

What are your orders? t - Shout!
Orders for allies: a - Attack new target. r - Retreat! s - Stop attacking. g - Guard the area. f - Follow me.
Anything else - Cancel.
Gang up on whom?
Press: ? - help, Dir - move target, f - Maggie
Aim: Maggie, wielding a +1 long sword of flaming and wearing +0 swamp dragon scales (mesmerising, ally target) Attack!
Maggie gestures at you while chanting.
The bolt of fire hits your blazeheart golem.
Your blazeheart golem resists.
The bolt of fire hits you! What are your orders? t - Shout!
Orders for allies: a - Attack new target. p - Attack previous target. r - Retreat! s - Stop attacking. g - Guard the area. f - Follow me.
Anything else - Cancel.
Gang up on whom?
Press: ? - help, Dir - move target, f/p - Maggie
Aim: Maggie, wielding a +1 long sword of flaming and wearing +0 swamp dragon scales (mesmerising, ally target) Attack!
Maggie points at you and mumbles some strange words.
The bolt of fire hits your blazeheart golem.
Your blazeheart golem resists.
The bolt of fire hits you!!
* * * LOW HITPOINT WARNING * * *
Maggie hits your blazeheart golem with a +1 long sword of flaming!
Your blazeheart golem falls apart, revealing its core!
You cannot move away from Maggie!
Okay, then.
As you read the scroll of summoning, it crumbles to dust.
Wisps of shadow whirl around you...
Your blazeheart core explodes!
The fiery explosion engulfs Maggie!!
The fiery explosion engulfs you!!
Ouch! That really hurt!
You die...
Kikubaaqudgha rasps: You have failed me!
Welcome... death!

#........#.###### ...
#........#.#....#####.# #..#
#........#.#.......##.# #..#
#........#.#.......##.# #..#
###.[.####@#.......##.######..#
#...# #o#.......##.#... ...#
#...# #..........#.#.####.##
#####...####.########.#..........
............o5@○@zz#...........##
#####################..##.###..##
#...<.# #.... #.###.# #.### #.#
ß.# #.# #.# >.# #.# #.##ß.# #.#
#############.###.# #.#
#########.........†...# #.###.###


You could see Maggie (mesmerising, ally target), a white imp, an orc and 2
friendly wights.

Vanquished Creatures
  3 yaks (D:5)
  An orc warrior (D:6)
  A white imp (D:6)
  2 endoplasms
  A giant cockroach (D:1)
  6 goblins
  2 hobgoblins
  4 kobolds
  2 ball pythons (D:4)
  3 bats
  2 frilled lizards
  2 rats
29 creatures vanquished.

Vanquished Creatures (collateral kills)
  2 yaks (D:5)
  Edmund (D:4)
  A water moccasin (D:6)
  A black bear (D:5)
  An ogre (D:5)
  A phantom (D:5)
  Blork the orc (D:5)
  A scorpion (D:4)
  A hound (D:5)
  A gnoll bouda (D:4)
  An orc priest (D:4)
  2 iguanas (D:5)
  2 orc wizards
  2 sleepcaps
  3 gnolls
  2 adders
  A shadow imp (D:5)
  A white imp (D:5)
  A dart slug (D:4)
  2 ribbon worms
  14 orcs
  4 bats (D:1)
  2 endoplasms
  2 giant cockroaches
  4 goblins
  6 hobgoblins
  12 jackals
  4 quokkas
  4 ball pythons
  A frilled lizard (D:2)
  5 kobolds
  5 rats (D:1)
91 creatures vanquished.

Vanquished Creatures (others)
  6 blazeheart cores
6 creatures vanquished.

Grand Total: 126 creatures vanquished

Notes
Turn   | Place    | Note
-------+----------+-------------------------------------------
     0 | D:1      | croobank the Human Summoner began the quest for the Orb.
     0 | D:1      | Reached XP level 1. HP: 13/13 MP: 3/3
   254 | D:1      | Reached XP level 2. HP: 19/19 MP: 3/5
   258 | D:1      | Learned a level 2 spell: Call Imp
   638 | D:1      | Found a faded altar of an unknown god.
   972 | D:1      | Reached XP level 3. HP: 24/24 MP: 1/6
  1020 | D:1      | Learned a level 3 spell: Call Canine Familiar
  1542 | D:2      | Found an ancient bone altar of Kikubaaqudgha.
  1555 | D:2      | Became a worshipper of Kikubaaqudgha
  1978 | D:2      | Reached XP level 4. HP: 30/30 MP: 4/7
  3217 | D:4      | Reached XP level 5. HP: 35/35 MP: 2/9
  3357 | D:4      | Noticed Edmund
  3532 | D:4      | Reached skill level 5 in Summonings
  3532 | D:4      | Reached XP level 6. HP: 18/41 MP: 3/10
  3850 | D:5      | Entered Level 5 of the Dungeon
  3970 | D:5      | Found a burning altar of Makhleb.
  4529 | D:5      | Noticed a yak
  4584 | D:5      | Noticed a black bear
  4592 | D:5      | Reached * piety under Kikubaaqudgha
  4592 | D:5      | Received a gift from Kikubaaqudgha
  4598 | D:5      | Killed a black bear
  4716 | D:5      | Reached XP level 7. HP: 23/46 MP: 6/12
  4721 | D:5      | Learned a level 4 spell: Summon Blazeheart Golem
  4953 | D:5      | Reached skill level 1 in Fire Magic
  5330 | D:4      | Killed Edmund
  5656 | D:5      | Noticed Blork the orc
  6072 | D:5      | Killed Blork the orc
  6073 | D:5      | Reached XP level 8. HP: 43/52 MP: 3/14
  6158 | D:5      | Learned a level 4 spell: Summon Lightning Spire
  6243 | D:5      | Noticed a yak
  6244 | D:5      | Noticed a yak
  6244 | D:5      | Noticed a yak
  6244 | D:5      | Noticed a yak
  6356 | D:5      | Killed a yak
  6356 | D:5      | Killed a yak
  6357 | D:5      | Reached skill level 1 in Fighting
  6357 | D:5      | Reached skill level 5 in Stealth
  6357 | D:5      | Reached skill level 1 in Air Magic
  6362 | D:5      | Killed a yak
  6363 | D:5      | Reached skill level 6 in Summonings
  6366 | D:5      | Killed a yak
  6376 | D:5      | Killed a yak
  6377 | D:5      | Reached skill level 5 in Dodging
  6583 | D:6      | Found a staircase to the Ecumenical Temple.
  6671 | D:6      | Reached XP level 9. HP: 42/61 MP: 14/16
  6821 | D:6      | Noticed Maggie
  6868 | D:6      | Killed by an exploding blazeheart core

Illustrated notes

Levels and vault maps discovered:
D:1:      roadster_arrival_rocket_small, layout_rooms,
          nicolae_ecumenical_lake_church
D:2:      layout_basic, basic_altar, hangedman_abyss_or_decor_stabs
D:3:      layout_loops_ring
D:4:      layout_gridville, uniq_edmund
D:5:      layout_loops_corners, amcnicky_altar_gilded, uniq_blork_the_orc
D:6:      layout_basic, temple_statues, gup_ossuary_entry_pyramid, uniq_maggie

Skill      XL: |  1  2  3  4  5  6  7  8 |
---------------+-------------------------+-----
Stealth        | 3 4 5 |  5.7
Dodging        | 3 4 5 |  5.2
Spellcasting   | 3 4 |  4.8
Summonings     | 5 6 |  6.2
Fire Magic     | 2 4 |  4.5
Fighting       | 2 |  2.2
Air Magic      | 2 |  2.1

Action                     |  1- 3 |  4- 6 |  7- 9 || total
---------------------------+-------+-------+-------++-------
  Melee: Dagger            |    68 |    48 |    30 ||   146
   Cast: Summon Small Mamm |    31 |    27 |    11 ||    69
         Call Imp          |    17 |    22 |    10 ||    49
         Call Canine Famil |     3 |    15 |     8 ||    26
         Summon Blazeheart |       |       |    10 ||    10
    Use: Scroll            |     2 |     4 |     5 ||    11
         Potion            |       |     2 |       ||     2
   Stab: Sleeping          |     4 |     2 |     2 ||     8
         Distracted        |     1 |     1 |       ||     2
         Confused          |       |       |     1 ||     1
 Armour: Robe              |    53 |    50 |    37 ||   140
  Dodge: Dodged            |    45 |    38 |    22 ||   105

Table legend: (Time is in decaauts)
 A = Elapsed time spent in this place.
 B = Non-inter-level travel time spent in this place.
 C = Inter-level travel time spent in this place.
 D = Time resting spent in this place.
 E = Time spent auto-exploring this place.
 F = Levels seen in this place.
 G = Mean time per level.
                   A        B        C        D        E       F      G
               +--------+--------+--------+--------+--------+-----+--------+
         Total |   6866 |   6725 |    141 |   1258 |   4019 |   6 | 1144.3 |
       Dungeon |   6866 |   6725 |    141 |   1258 |   4019 |   6 | 1144.3 |
               +--------+--------+--------+--------+--------+-----+--------+

Top non-repeatable levels by time:
     D:5: 2211 daAuts
     D:4: 1333 daAuts
     D:1: 1319 daAuts
     D:2: 901 daAuts
     D:3: 812 daAuts
     D:6: 287 daAuts
